 Dungeon Crawl Stone Soup version 0.22.1-1-ga44c0e56f4 (webtiles) character file.

63 Riddle the Skirmisher (level 4, -1/37 HPs)
             Began as a Formicid Abyssal Knight on Sept 30, 2018.
             Was a Follower of Lugonu.
             Killed by nerve-wracking pain
             ... invoked by Jessica
              (3 damage)
             ... on level 2 of the Dungeon.
             The game lasted 00:04:05 (2019 turns).

Riddle the Skirmisher (Formicid Abyssal Knight)     Turns: 2019, Time: 00:04:06

Health: -1/37      AC:  3    Str: 17    XL:     4   Next: 30%
Magic:  6/6        EV: 11    Int: 12    God:    Lugonu [*.....]
Gold:   46         SH:  0    Dex: 10    Spells: 3/3 levels left

rFire    . . .     SeeInvis +   a - +1 hand axe
rCold    . . .     Gourm    .   (no shield)
rNeg     . . .     Faith    .   b - +0 leather armour
rPois    .         Spirit   .   (helmet unavailable)
rElec    .         Reflect  .   (no cloak)
rCorr    .         Harm     .   (no gloves)
MR       .....                  (no boots)
Stlth    +.........             (no amulet)
HPRegen  0.12/turn              f - ring of teleportation (curse)
MPRegen  0.10/turn              (no ring)

@: drained
A: permanent stasis, dig shafts and tunnels, four strong arms, antennae 3
a: Dig, Shaft Self, Depart the Abyss, Renounce Religion


You were on level 2 of the Dungeon.
You worshipped Lugonu.
Lugonu was aware of your devotion.
You were not hungry.

You visited 1 branch of the dungeon, and saw 2 of its levels.
You visited the Abyss 1 time.

You collected 46 gold pieces.

Inventory:

Hand Weapons
 a - a +1 hand axe (weapon)
Armour
 b - a +0 leather armour (worn)
Jewellery
 f - a cursed ring of teleportation (left hand)
 r - a cursed -2 ring of dexterity {unknown}
Scrolls
 d - 2 scrolls of enchant weapon {unknown}
 e - a scroll of identify {unknown}
 g - 2 scrolls of teleportation {unknown}
 h - 3 scrolls of remove curse {unknown}
 i - a scroll of blinking {unknown}
 k - a scroll of fog {unknown}
 l - a scroll of enchant armour {unknown}
 m - 3 scrolls of fear {unknown}
Potions
 j - a potion of ambrosia {unknown}
 n - 2 potions of lignification {unknown}
 o - a potion of haste {unknown}
 p - a potion of curing {unknown}
 q - a potion of flight {unknown}
 t - a potion of mutation {unknown}
 u - a potion of magic {unknown}
Comestibles
 c - 6 rations


   Skills:
 + Level 4.0(3.2) Fighting
 + Level 2.7(1.9) Axes
 + Level 2.8(2.1) Armour
 + Level 1.1(0.3) Dodging
 + Level 2.8(2.1) Invocations


You had 3 spell levels left.
You didn't know any spells.
Your spell library was empty.

Dungeon Overview and Level Annotations

Branches:
Dungeon (2/15)

Altars:

Annotations:
D:2 Jessica


Innate Abilities, Weirdness & Mutations

You cannot be hasted, slowed, berserked, paralysed or teleported.
You can dig through walls and to a lower floor.
Your four strong arms can wield two-handed weapons with a shield.
You have a pair of large antennae on your head. (SInv)


Message History

Jessica is almost dead.
Jessica closely misses you. Jessica casts a spell at you.
You resist with some effort.
You barely miss Jessica.
Jessica is almost dead.
Jessica hits you but does no damage.
A gnoll comes into view. It is wielding a halberd.
Jessica barely misses you.
The gnoll hits you from afar with a halberd!
You closely miss Jessica.
Jessica is severely wounded.
The gnoll shouts!
Jessica closely misses you.
The gnoll hits you from afar with a halberd!
* * * LOW HITPOINT WARNING * * *
Jessica hits you but does no damage.
Jessica points at you and mumbles some strange words.
Pain shoots through your body!
You die...

.......#
####.##....##.##.
.......#
#.....#....##.#..
.......#
#.##..#..#.##.###
######## #†##..#..#.#
#########.###.#..#.#####
...g...g.!.............
#...{.###.###.#.... ..#
#.... ###@# #.#..#.##.#
+... +.@.# #.#..#....###
#.. ##### #.#..##......
.. #.#.......... .{
#...###...... #...#
#...... { #...# #......
###...#########
..+...#.........#
..#...#.........#


You could see Jessica.

Vanquished Creatures
  An adder (D:2)
  An ooze (D:2)
  2 worms (D:2)
  A leopard gecko (D:1)
  A ball python (D:1)
  5 bats
  2 giant cockroaches
  3 goblins
  7 hobgoblins
  8 kobolds
  A quokka (D:2)
  5 frilled lizards
  5 rats
42 creatures vanquished.

Notes
Turn   | Place    | Note
-------+----------+-------------------------------------------
     0 | Abyss:1  | Riddle the Formicid Abyssal Knight began the quest for the
                  | Orb.
     0 | Abyss:1  | Reached XP level 1. HP: 18/18 MP: 2/2
     2 | Abyss:1  | Found a corrupted altar of Lugonu.
    31 | Abyss:1  | Noticed a smoke demon
    33 | D:1      | Escaped the Abyss
   334 | D:1      | Reached * piety under Lugonu
   443 | D:1      | Reached XP level 2. HP: 24/24 MP: 3/3
   941 | D:1      | Reached skill level 1 in Dodging
   958 | D:1      | Reached XP level 3. HP: 21/30 MP: 5/5
  1700 | D:2      | Reached skill level 4 in Fighting
  1774 | D:2      | Reached XP level 4. HP: 36/37 MP: 6/6
  2003 | D:2      | Noticed Jessica
  2019 | D:2      | Killed from afar by Jessica

Skill      XL: |  1  2  3 |
---------------+----------+-----
Dodging        | 1 |  1.1
Fighting       | 4 |  4.0
Axes           | |  2.7
Armour         | |  2.8
Invocations    | |  2.8

Action                   |  1- 3 |  4- 6 || total
-------------------------+-------+-------++-------
Melee: Hand axe          |   102 |    29 ||   131
Invok: Depart the Abyss  |     1 |       ||     1
  Eat: Chunk             |     3 |     1 ||     4
Armor: Leather armour    |    29 |     8 ||    37
Dodge: Dodged            |    62 |    15 ||    77
